 Dungeon Crawl Stone Soup version 0.28.0-45-g0d030f2227 (webtiles) character file.

Game seed: 5810064668147232114

2 acdeimund the Conjurer (level 1, 0/13 HPs)
             Began as a Human Conjurer on Apr 11, 2022.
             Slain by a jackal (1 damage)
             ... on level 1 of the Dungeon.
             The game lasted 00:01:17 (131 turns).

acdeimund the Conjurer (Human Conjurer)              Turns: 131, Time: 00:01:18

Health: 0/13       AC:  3    Str:  7    XL:     1   Next: 33%
Magic:  0/3        EV: 12    Int: 18    God:
Gold:   10         SH:  0    Dex: 11    Spells: 3/4 levels left

rFire   . . .      SeeInvis .   (no weapon)
rCold   . . .      Faith    .   (no shield)
rNeg    . . .      Spirit   .   a - +1 robe
rPois   .          Reflect  .   (no helmet)
rElec   .          Harm     .   (no cloak)
rCorr   .          Rampage  .   (no gloves)
Will    .....                   (no boots)
Stlth   ++........              (no amulet)
HPRegen 0.04/turn               (no ring)
MPRegen 0.08/turn               (no ring)

@: no status effects
A: no striking features
a: no special abilities


You were on level 1 of the Dungeon.
You visited 1 branch of the dungeon, and saw 1 of its levels.

You collected 10 gold pieces.

Inventory:

Armour
 a - a +1 robe (worn)


   Skills:
 + Level 0.0 Fighting
 + Level 2.0 Dodging
 + Level 2.0 Stealth
 * Level 2.0 Spellcasting
 * Level 4.0 Conjurations


You had 3 spell levels left.
You knew the following spells:

 Your Spells              Type           Power      Damage    Failure   Level
a - Magic Dart            Conj           64%        1d6       3%          1

Your spell library contained the following spells:

 Spells                   Type           Power      Damage    Failure   Level
 Searing Ray              Conj           32%        2d5       5%          2
 Dazzling Flash           Conj/Hex       18%        N/A       24%         3
 Fulminant Prism          Conj/Hex       4%         3d6       61%         4
 Iskenderun's Mystic Bla  Conj/Tloc      9%         2d4       61%         4


Dungeon Overview and Level Annotations

Branches:
Dungeon (1/15)

Altars:


Message History

The jackal bites you.
Aiming: Magic Dart (safe; 3% risk of failure)
Press: ? - help, Q - select action Shift-Dir - straight line, f/p - jackal
Aim: a jackal (100% to hit)
The magic dart hits the jackal.
The jackal is lightly wounded.
The jackal bites you.
* * * LOW HITPOINT WARNING * * *
Aiming: Magic Dart (safe; 3% risk of failure)
Press: ? - help, Q - select action Shift-Dir - straight line, f/p - jackal
Aim: a jackal (lightly wounded, 100% to hit)
The magic dart hits the jackal but does no damage.
The jackal is lightly wounded.
The jackal bites you but does no damage.
The jackal closely misses you. The jackal closely misses you.
The jackal closely misses you.
A ball python comes into view.
Found a stone staircase leading down.
The jackal misses you.
A jackal comes into view.
A jackal comes into view.
The jackal bites you.
* * * LOW HITPOINT WARNING * * *
Aiming: Magic Dart (safe; 3% risk of failure)
Press: ? - help, Q - select action Shift-Dir - straight line, f/p - jackal
Aim: a jackal (100% to hit)
The magic dart hits the jackal but does no damage.
The jackal closely misses you. The jackal bites you.
* * * LOW HITPOINT WARNING * * *
You don't have enough magic to cast this spell.
You don't have enough magic to cast this spell.
The jackal bites you but does no damage.
As you read the scroll labelled QADANW SIOSAJY, it crumbles to dust.
It is a scroll of enchant armour.
Your +0 robe glows green for a moment.
The jackal closely misses you.
As you read the scroll labelled SOHOSU QIXKORGH, it crumbles to dust.
You feel aware of your surroundings.
You sensed 1 altar.
It was a scroll of magic mapping.
The jackal closely misses you. x2
The jackal bites you.
You die...

#.###.#.# *,#..#.#......h.,,,
###.#.#.#.# #.#...........#,,,,
........#.#####.#......##**,**,,*
.######................># *,,,,,,
.♣ ###..##.#.#...##..# ***,*,* ♣♣
##.#,,..#...##..# *,*,* ♣
#.##*#.#.......# *,*,* ♣
#####..###.##.#.#h######.*,* ♣
#..........@..#..........*,*
#.####.###h######†#####..*,*
#............†....# *,,,,*
#######.##..####### *,****
######.##..#**********,*
#.......#..#,,,,,,,,,,,*
#.......#..#,***********
#..........#,* #.........##,*


You could see a jackal.

Vanquished Creatures
  A ball python (D:1)
  A bat (D:1)
2 creatures vanquished.

Notes
Turn   | Place    | Note
-------+----------+-------------------------------------------
     0 | D:1      | acdeimund the Human Conjurer began the quest for the Orb.
     0 | D:1      | Reached XP level 1. HP: 13/13 MP: 3/3
   131 | D:1      | Slain by a jackal

Illustrated notes

Levels and vault maps discovered:
D:1:      roderic_dead_forest, layout_basic, ebering_ecumenical_altar_box

Action                   || total
-------------------------++-------
Melee: Unarmed           ||    10
 Cast: Magic Dart        ||     7
  Use: Scroll            ||     2
Armor: Robe              ||     6
Dodge: Dodged            ||    23
